 Dungeon Crawl Stone Soup version 0.16.1-16-gc44b35d (webtiles) character file.

263 jacksonaction the Vandal (level 5, -4/45 HPs)
             Began as a Centaur Fighter on Apr 20, 2015.
             Slain by Natasha (6 damage)
             ... on level 3 of the Dungeon.
             The game lasted 00:16:44 (3200 turns).

jacksonaction the Vandal (Centaur Fighter)          Turns: 3200, Time: 00:16:44

Health: -4/45      AC: 11    Str: 19    XL:     5   Next: 97%
Magic:  4/4        EV:  3    Int:  7    God:
Gold:   80         SH:  8    Dex:  9    Spells: 0 memorised, 4 levels left

rFire  . . .     SeeInvis .     a - +0 flail (holy)
rCold  . . .     Clarity  .     v - +0 chain mail
rNeg   . . .     SustAb   .     c - +0 shield
rPois  .         Gourm    .     k - +0 helmet
rElec  .         Spirit   .     z - +0 cloak
rCorr  .         Warding  .     l - +0 pair of gloves
rMut   .         Stasis   .     (no barding)
MR     .....                    (no amulet)
Stlth  ..........               (no ring)
                                (no ring)

@: very quick, not resistant to hostile enchantments, extremely unstealthy
A: hooves 3, deformed body, speed 2, tough skin 3
a: no special abilities


You were on level 3 of the Dungeon.
You were not hungry.

You visited 1 branch of the dungeon, and saw 3 of its levels.

You collected 80 gold pieces.

Inventory:

Hand weapons
 a - a +0 flail of holy wrath (weapon)
 f - a +0 hunting sling
Missiles
 b - 4 tomahawks (quivered)
 g - 22 poisoned needles
 h - 18 sling bullets
 m - 105 stones
Armour
 c - a +0 shield (worn)
 k - a +0 helmet (worn)
 l - a +0 pair of gloves (worn)
 v - a +0 chain mail (worn)
 z - a +0 cloak (worn)
Jewellery
 q - a cursed ring of protection from cold {unknown}
 u - a +2 ring of dexterity {unknown}
 B - a +4 ring of protection {unknown}
Scrolls
 j - a scroll of fog {unknown}
 n - 2 scrolls of remove curse {unknown}
 r - 4 scrolls of identify {unknown}
 s - 2 scrolls of blinking {unknown}
 w - a scroll of random uselessness {unknown}
 y - a scroll of recharging {unknown}
 A - 2 scrolls of teleportation {unknown}
Potions
 e - a potion of might
 i - a potion of heal wounds {unknown}
 o - a potion of curing {unknown}
 p - a potion of brilliance {unknown}
 x - a potion of lignification {unknown}
Comestibles
 d - 2 bread rations
 t - a beef jerky
 C - 2 chunks of flesh


   Skills:
 - Level 3.0 Fighting
 - Level 2.5 Maces & Flails
 - Level 4.1 Slings
 + Level 2.9 Armour
 - Level 1.0 Dodging
 + Level 2.8 Shields


You had 4 spell levels left.
You didn't know any spells.

Dungeon Overview and Level Annotations

Branches:
Dungeon (3/15)

Altars:
Yredelemnul

Annotations:
D:2 Robin
D:3 Natasha


Innate Abilities, Weirdness & Mutations

You have hooves in place of feet.
Armour fits poorly on your strangely shaped body.
You cover ground very quickly.
You have extremely tough skin (AC +3).


Message History

The white imp gestures at you. The puff of frost hits you!
* * * LOW HITPOINT WARNING * * *
Natasha casts a spell.
You closely miss Natasha. Your kick misses Natasha.
Natasha is heavily wounded.
You block the white imp's attack.
Natasha stares at you and mumbles some strange words.
The magic dart hits you!
* * * LOW HITPOINT WARNING * * *
The white imp grinds its teeth.
You block the white imp's attack.
You closely miss Natasha. Your kick misses Natasha.
Natasha is heavily wounded.
Natasha zaps a wand.
The magic dart hits you! You block the white imp's attack.
Unknown command.
You hit Natasha.
Natasha is almost dead.
Natasha claws you.
You die...

...#
#.############..
...'
...............
...##
...#.....(......#
.....
...........5......
#####
...####.#...#####
#5#...# #5#...#
#h#...######
#@#...#....# ##
#5#...#....# .####
#..........#
....###
#..........#
......##
#..........#
#......#
#.......####
####...##
#.......# ##...#
#.......# #...##
#.......#


You could see Natasha, 2 white imps and a shadow imp.

Vanquished Creatures
  A crimson imp (D:3)
  2 orc wizards (D:3)
  An iron imp (D:3)
  Ijyb (D:3)
  Jessica (D:2)
  3 gnolls (D:3)
  5 adders
  2 giant mites (D:2)
  2 worms (D:3)
  2 giant geckos (D:1)
  2 oozes
  8 orcs (D:3)
  A ball python (D:3)
  4 bats
  13 goblins
  7 hobgoblins
  7 jackals
  A quokka (D:2)
  A giant newt (D:3)
  5 kobolds
  6 rats
75 creatures vanquished.

Notes
Turn   | Place    | Note
--------------------------------------------------------------
     0 | D:1      | jacksonaction, the Centaur Fighter, began the quest for the Orb.
     0 | D:1      | Reached XP level 1. HP: 19/19 MP: 1/1
   132 | D:1      | Reached XP level 2. HP: 26/26 MP: 2/2
   362 | D:1      | Reached skill level 1 in Slings
   682 | D:2      | Reached XP level 3. HP: 21/31 MP: 3/3
   802 | D:2      | Noticed Jessica
   817 | D:2      | Killed Jessica
  1194 | D:2      | Reached XP level 4. HP: 38/38 MP: 3/3
  1315 | D:2      | Noticed Robin
  2025 | D:3      | Reached skill level 4 in Slings
  2075 | D:3      | Reached XP level 5. HP: 5/45 MP: 4/4
  2696 | D:3      | Reached skill level 1 in Dodging
  2852 | D:3      | Found a basalt altar of Yredelemnul.
  3077 | D:3      | Noticed Ijyb
  3099 | D:3      | Killed Ijyb
  3162 | D:3      | Noticed Natasha
  3198 | D:3      | HP: 1/45 [Natasha/magic dart (2)]
  3200 | D:3      | Slain by Natasha

Action                   |  1- 3 |  4- 6 || total
-------------------------+-------+-------++-------
Melee: Flail             |    82 |   149 ||   231
       Hunting sling     |       |     1 ||     1
 Fire: Hunting sling     |    27 |    86 ||   113
Throw: Stone             |    11 |       ||    11
  Eat: Chunk             |       |     6 ||     6
